[Event "Ramat Gan Masters-A Winter 2023"]
[Site "Ramat Gan/ISR"]
[Date "2023.01.23"]
[Round "2.6"]
[White "Kochavi, Dana"]
[Black "Neumann, Amit"]
[Result "1-0"]
[Annotator "TA"]
[ECO "B56"]
[WhiteElo "1956"]
[BlackElo "1615"]
[PlyCount "115"]
[EventDate "2023.01.17"]
[EventType "swiss"]
[SourceTitle "playchess.com"]
[Source "ChessBase"]
[SourceQuality "1"]
[TimeControl "5400+30"]

1. e4 c5 2. Nf3 d6 3. d4 cxd4 4. Nxd4 Nf6 5. Nc3 Nc6 6. h3 e5 7. Nde2 Be7 {[%emt 0:01:09] B56: Classical Sicilian: Unusual Lines.} ({Black should play} 7... Be6 $15) 8. g4 $14 Be6 9. Bg2 h5 {[%emt 0:05:44] White has an edge.} 10. g5 {[%emt 0:00:13] [#]} Nh7 $146 ({Predecessor:} 10... Nd7 11. h4 Nb6 12. b3 Rc8 13. Be3 Nb4 14. a3 Na6 15. a4 Bg4 16. f3 Be6 {½-½ Steel,H (2241)-Van den Heever,D (2202) RSA-ch Milnerton 2007 (5)}) 11. h4 f6 $1 12. Ng3 (12. g6 $5 Nf8 $8 13. Ng3 $11) 12... g6 {[%emt 0:02:21] [#]} (12... fxg5 $11 13. Nxh5 (13. Qxh5+ g6 $17) 13... O-O) 13. Nxh5 $1 gxh5 14. g6 $36 {[%emt 0:01:35][%cal Od1h5][%mdl 2048] Qxh5! is the strong threat. Black is under pressure.} Nf8 (14... Qd7 $1 $11) 15. g7 $16 Rg8 16. gxf8=Q+ (16. gxf8=B $6 Rxg2 17. Bxe7 (17. Qxh5+ Kxf8 18. Kf1 Rg4 $11) 17... Kxe7 $11) (16. Qxh5+ $2 Bf7 17. gxf8=Q+ (17. gxf8=R+ $2 Bxf8 18. Qd1 Rxg2 $19) 17... Bxf8 $19) 16... Bxf8 {[%emt 0:00:13] [#]} 17. Bf3 (17. Qxh5+ $2 Bf7 18. Qd1 (18. Qf3 $2 Nd4 $19 {[%mdl 64] Deflection, Double Attack}) 18... Rxg2 $19) 17... Bg4 18. Be3 ({Better is} 18. Nd5) 18... Qd7 19. Nd5 Be7 (19... Qf7 $16) 20. Qe2 (20. Bxg4 $18 Rxg4 21. Qd3) 20... O-O-O {[%emt 0:05:49] [#]} (20... Kf7 $1 $14) 21. Bxa7 $1 {[%emt 1:04:27][%mdl 576] Remove Defender. White is much more active.} Bxf3 22. Qxf3 {[%emt 0:00:00] aiming for Nb6+.} Qg4 23. Qxg4+ Rxg4 24. f3 Rg2 25. O-O-O Nxa7 26. Nxe7+ Kd7 27. Nf5 Kc7 28. Rhg1 Rf2 29. Rg7+ Kb8 30. Nxd6 Nc6 31. c3 {[%emt 0:00:00] Repels Nd4} (31. Nxb7 Rxd1+ 32. Kxd1 Nd4 $18) 31... Nd4 32. Rxb7+ ({Stronger than} 32. Nxb7 Ne2+ 33. Kc2 Nxc3+ 34. Kxc3 Rxd1 $17) 32... Ka8 33. cxd4 Rxd6 $18 {[%emt 0:00:00][%mdl 4096] Endgame KRR-KRR} 34. Rb3 {[%emt 0:00:00] Strongly threatening dxe5.} exd4 35. Rbd3 Rh2 $2 (35... Rb6 {was worth a try.} 36. R1d2 (36. Rxd4 Rbxb2 37. R4d2 Rbxd2 $18) 36... Rf1+ 37. Kc2 Rc6+ 38. Kb3 Rh1) 36. Rxd4 Rc6+ 37. Kb1 Rxh4 38. Rb4 Rh2 39. a3 h4 40. Rd5 {[%emt 0:00:00] Intending Ra5+ and mate.} Ka7 41. Ra5+ Ra6 42. Rab5 {[%emt 0:00:00] Threatening mate with Rb7+.} ({Weaker is} 42. Rh5 Re6 43. Ra5+ Ra6 $18) 42... Rd6 43. Rb7+ (43. f4 $142 h3 44. Ka2) 43... Ka6 44. Rb8 Ka7 {[%emt 0:00:08] Against Ra8+} 45. R4b7+ Ka6 46. Rb3 Ka7 {[%emt 0:00:19] Wards off Ra8+} 47. f4 Rd1+ (47... Re2 $142 48. R8b4 Rd1+ 49. Ka2 Rd6) 48. Ka2 {[%emt 0:00:00] Black cannot hold the game after this.} Rhh1 {[%emt 0:00:03] White is clearly winning.} 49. R3b7+ Ka6 50. Rf7 Rde1 51. Rxf6+ Ka7 52. Re8 {[%emt 0:00:00] Re7+ would kill now.} Rc1 53. Re7+ Kb8 54. Rf8+ Rc8 55. Rxc8+ Kxc8 56. e5 h3 57. e6 h2 58. Rh7 {[%emt 0:00:00] Weighted Error Value: White=0.17 (very precise) /Black=0.40} 1-0

[Event "Ramat Gan Masters-A Winter 2023"]
[Site "Ramat Gan/ISR"]
[Date "2023.01.23"]
[Round "2.7"]
[White "Sherman, Reem"]
[Black "Medovoy, Yaniv"]
[Result "1-0"]
[Annotator "TA"]
[ECO "B29"]
[WhiteElo "2249"]
[BlackElo "1842"]
[PlyCount "59"]
[EventDate "2023.01.17"]
[EventType "swiss"]
[SourceTitle "playchess.com"]
[Source "ChessBase"]
[SourceQuality "1"]
[TimeControl "5400+30"]

1. e4 c5 2. Nf3 Nf6 3. e5 Nd5 4. Nc3 e6 5. Nxd5 exd5 6. d4 Nc6 7. dxc5 Bxc5 8. Qxd5 d6 {[%emt 0:00:09] is recently more successful than 8...Qb6.} 9. exd6 Qb6 $1 10. Qe4+ {[%emt 0:00:23] B29: Sicilian: 2 Nf3 Nf6 (Nimzowitsch Variation).} (10. d7+ Bxd7 11. Qe4+ Kf8 $15) 10... Be6 $1 {[%emt 0:00:02] [#]} 11. d7+ $1 Kxd7 $11 12. Be3 {[%emt 0:00:32] The position is equal.} Bxe3 13. fxe3 {[%emt 0:01:09] aiming for 0-0-0+.} Qxb2 14. Rd1+ Ke7 {[%emt 0:00:28] [#]} 15. Kf2 $146 (15. Nd4 Nxd4 16. Qxd4 (16. exd4 Rac8 $15) 16... Qxd4 17. exd4 Bxa2 $15) ({Predecessor:} 15. Nd4 Rhd8 16. Qh4+ f6 17. Qxh7 Nxd4 18. exd4 Rxd4 19. Be2 Rxd1+ 20. Bxd1 Qb4+ 21. Kf2 {½-½ De Gleria,F (2420)-Buenermann,V (2325) NRW Class2 0405 2004 (1.1)}) 15... Rhd8 16. Bd3 {[%emt 0:06:16] Rb1 would be deadly. Chess con chili.} Qxa2 (16... Qf6 $14) 17. Qh4+ $16 Kf8 18. Qxh7 ({Stronger than} 18. Bxh7 g6 19. Qh6+ Ke8 20. Bxg6 fxg6 21. Qxg6+ Bf7 $17) 18... f6 19. Rhf1 (19. Ra1 $1 $18 {[%cal Ra1a2] and White stays clearly on top.} Qd5 20. Rhb1) 19... Bg8 20. Qh8 Qe6 {[%emt 0:01:37] [#] A mistake that costs the game.} (20... Rxd3 $16 {might work better.} 21. Rxd3 Qxc2+ 22. Rd2 Qh7 23. Qxh7 Bxh7) 21. Rde1 (21. Ng5 $1 $18 Qg4 22. h4) 21... a5 {[%emt 0:04:28] [#]} (21... Rac8 $16 {was worth a try.} 22. Kg1 (22. Nd4 Nxd4 23. exd4 Qf7 $16) 22... Ne7) 22. Kg1 $1 $18 {[%emt 0:00:16] Hoping for Ng5.} (22. Nd4 Nxd4 23. exd4 Qf7 $16) 22... Rd6 $2 (22... Ne7 {is tougher.} 23. Nd4 Qe5) 23. Ng5 (23. Nd4 Nxd4 24. exd4 Qf7 $18) 23... Qd5 24. Rf5 Ne5 25. Ref1 {[%emt 0:00:19] Nh7+ is the strong threat.} Nxd3 26. Rxd5 Rxd5 27. Ne6+ Kf7 28. Qxg7+ {[%emt 0:00:08] White mates.} Kxe6 29. Rxf6+ Ke5 30. Qe7+ {[%emt 0:00:11] An entertaining game by Sherman.   Weighted Error Value: White=0.15 (very precise) /Black=0.63} 1-0

[Event "Ramat Gan Masters-A Winter 2023"]
[Site "Ramat Gan/ISR"]
[Date "2023.01.23"]
[Round "2.8"]
[White "Shapira, Avner"]
[Black "Noy, Eyal"]
[Result "0-1"]
[Annotator "TA"]
[ECO "B06"]
[WhiteElo "1814"]
[BlackElo "2117"]
[PlyCount "128"]
[EventDate "2023.01.17"]
[EventType "swiss"]
[SourceTitle "playchess.com"]
[Source "ChessBase"]
[SourceQuality "1"]
[TimeControl "5400+30"]

1. e4 d6 2. d4 g6 3. Be3 Bg7 4. f3 c5 5. Ne2 {[%emt 0:00:16] [#]} Qb6 $146 ({Predecessor:} 5... Nc6 6. Nbc3 cxd4 7. Nxd4 Nf6 8. Qd2 O-O 9. h4 Nxd4 10. Bxd4 Be6 11. h5 Qa5 12. g4 Rfc8 13. a3 b5 14. Nxb5 Qxd2+ 15. Kxd2 a6 16. Nc3 Nxe4+ 17. Nxe4 Bxd4 18. c3 Be5 19. hxg6 hxg6 20. Ke3 Rab8 {0-1 Roux,B (2131)-Hjartarson,J (2468) Titled Tuesday intern op 23rd Aug Late blitz 2022 (6)}) 6. Nbc3 {[%emt 0:01:27] B06: Modern Defence.} Qxb2 7. Rb1 Qa3 8. Qd2 {[%emt 0:00:38] White is slightly better.} Na6 9. Nb5 (9. Nd5 $5 ) 9... Qxa2 10. Nec3 (10. Rd1 $5 ) 10... Qa5 11. Bc4 cxd4 12. Nxd4 (12. Bxd4 $11 Nf6 13. Nd5 (13. Nxa7 O-O $15) 13... Qxd2+ {[%mdl 64] Remove Defender} 14. Kxd2 Bh6+ 15. Ke2 Nxd5 16. Bxh8) 12... Nf6 $1 $15 13. Bb5+ Nd7 (13... Kf8 $15) 14. O-O (14. Bxa6 $1 $11 bxa6 15. Nd5 Qxd2+ 16. Kxd2 Bxd4 17. Bxd4) 14... Nac5 $17 15. Ra1 ({White should try} 15. Rfd1) 15... Qd8 16. Bh6 O-O 17. Nd5 e6 18. Bxg7 Kxg7 19. Ne3 Nf6 20. Rfd1 Qe7 21. Be2 Bd7 22. Nb3 Nxb3 23. cxb3 Ne8 24. e5 d5 25. Ng4 f5 (25... a6 $142 26. Qh6+ Kg8) 26. exf6+ Nxf6 27. Qd4 a6 28. Ne5 Rfc8 29. g4 Kg8 $1 30. g5 Ne8 31. f4 Nd6 32. Ng4 {[%emt 0:01:53] White wants to mate with Nh6+.} Nf5 33. Qe5 (33. Qb6 $142) 33... Qc5+ $1 34. Kg2 {[%emt 0:00:34] [#] Nf6+ would be deadly.} Qc7 $1 35. Nf6+ Kf7 {[%emt 0:00:16] Threatens to win with ...Qxe5.} 36. Nxd7 Qxd7 37. Bg4 Rc2+ 38. Kh3 Rac8 {[%emt 0:00:12] Prevents Rac1.} 39. Rd3 {[%emt 0:01:29] Dodges R8c3} Qe7 (39... Ng7 $19 {...R2c6 is the strong threat.} 40. Rad1 Qd8) 40. Re1 (40. Bxf5 $142 gxf5 41. Re1) 40... Ng7 41. Rde3 R8c6 ({Better is} 41... Re8 $19 42. R1e2 Rxe2 43. Rxe2 Rc8) 42. Qxd5 Qd6 {[%emt 0:02:30] Dancing on a razor blade.} 43. Qe4 {[%emt 0:00:17] [#]} ({White should play} 43. Qf3) 43... Rd2 $1 ({Of course not} 43... Qd2 $6 44. R1e2 Qd5 45. Qxc2 Rxc2 46. Rxc2 $11) 44. Kg3 Qd5 45. Qxd5 Rxd5 46. h4 Rd2 47. Rh1 Rcc2 48. h5 Rg2+ 49. Kh3 (49. Kh4 $17) 49... Rgd2 $2 (49... gxh5 $19 50. Bf3 Rgf2) 50. hxg6+ (50. Kg3 $1 $11) 50... hxg6 $15 51. Rhe1 Rd6 52. R1e2 (52. Kg3 $1 $15) 52... Rc1 (52... Rxe2 $17 53. Bxe2 Nf5) 53. Kg2 Ke7 (53... a5 $17) 54. Kf3 (54. Rh3 $1 $11 {remains equal.}) 54... Rb6 55. Rb2 (55. Kg2 $15 {feels stronger.}) 55... Ne8 (55... Kd6 $17) 56. f5 $2 {[%emt 0:00:08] This costs White the game.} (56. Rh2 $11 {and White stays safe.} Rf1+ 57. Kg3 Rg1+ 58. Kf3) 56... gxf5 $19 57. Bxf5 Rc5 58. Bg4 Rxg5 59. Rh2 $2 (59. Bh3 {was called for.}) 59... Nf6 60. Bh3 Rgb5 61. Rb2 Nd5 62. Rd3 Nb4 63. Rc3 Nc6 {[%emt 0:00:01][%cal Ob5b3] Hoping for ...Rxb3!} 64. Bf1 $2 {[%emt 0:00:22] [#]} (64. Ke3) 64... Rxb3 $3 {[%emt 0:00:19][%mdl 576] Decoy. Excellently played by Noy!   Weighted Error Value: White=0.38/Black=0.25 (precise)} 0-1

[Event "Ramat Gan Masters-A Winter 2023"]
[Site "Ramat Gan/ISR"]
[Date "2023.01.23"]
[Round "2.9"]
[White "Weber, Yonatan"]
[Black "Sobel, Ido"]
[Result "0-1"]
[Annotator "NA RC COMBH"]
[ECO "E01"]
[WhiteElo "1527"]
[BlackElo "1871"]
[PlyCount "80"]
[EventDate "2023.01.17"]
[EventType "swiss"]
[SourceTitle "playchess.com"]
[Source "ChessBase"]
[SourceQuality "1"]
[TimeControl "5400+30"]

1. c4 e6 2. g3 d5 3. Bg2 Nf6 4. Nf3 Bd6 5. O-O c6 6. d4 h6 7. b3 Nbd7 8. Bb2 b6 9. Nc3 O-O 10. Nd2 Bb7 11. e4 dxe4 12. Ndxe4 Be7 13. Qc2 Qc7 14. Rfd1 Rfd8 15. Rac1 Rac8 16. Qb1 Qb8 17. c5 Nd5 18. Ba3 N7f6 19. Nxf6+ Nxf6 20. b4 Rd7 21. Ne2 (21. Qb3 $14) 21... Ba6 ({Black should try} 21... Rcd8 $15) 22. Nf4 g5 23. Nxe6 Be2 (23... fxe6 $2 24. Qg6+ Kh8 25. Bb2 $18) 24. Re1 Bg4 {[%emt 0:00:02] [#]} 25. d5 $1 Nxd5 26. Nd4 Bf6 $2 (26... bxc5 $1 $14 27. Nf5 Bf8) 27. Re4 {[%emt 0:03:37] [#]} Nc3 $1 28. Rxc3 Bxd4 29. Rxg4 Bxc3 30. h4 Qe5 31. hxg5 hxg5 32. Re4 $2 (32. b5 cxb5 33. cxb6 axb6 34. Re4) 32... Qf6 33. Bh3 Rd2 34. f4 Rcd8 $19 (34... Bd4+ $142 35. Kf1 Qh8 36. Ke1 Bc3 37. Re2 Qxh3 38. Rxd2 Qh1+ {[%mdl 64] Skewer} 39. Kf2 Qxb1 40. Bb2 Bxd2 41. cxb6 Be1+ {[%mdl 64] Skewer} 42. Kg1 Qxb2 43. b7 Rb8 44. Kh1 Bxg3 45. Kg1 Qh2+ 46. Kf1 Qf2#) 35. Qb3 g4 36. Bxg4 Bd4+ 37. Kf1 Qh6 38. Qf3 Qh2 39. Ke1 Bf2+ 40. Kf1 Qg1# 0-1

[Event "Ramat Gan Masters-A Winter 2023"]
[Site "Ramat Gan/ISR"]
[Date "2023.01.23"]
[Round "2.10"]
[White "Elkayam, Omer"]
[Black "Levi, Shoval"]
[Result "1-0"]
[Annotator "NA RC COMBH"]
[ECO "D35"]
[WhiteElo "1553"]
[BlackElo "1604"]
[PlyCount "89"]
[EventDate "2023.01.17"]
[EventType "swiss"]
[SourceTitle "playchess.com"]
[Source "ChessBase"]
[SourceQuality "1"]
[TimeControl "5400+30"]

1. d4 e6 2. c4 Nf6 3. Nc3 Bb4 4. Qc2 d5 5. Bg5 O-O 6. cxd5 exd5 7. e3 h6 8. Bh4 c6 9. Bd3 Re8 10. Nge2 Nbd7 11. O-O Qe7 12. a3 Bd6 13. Bg3 a6 14. b4 b6 15. Rfc1 Bb7 16. Bxd6 Qxd6 17. Ng3 Rec8 18. Nf5 Qe6 19. Ne2 Ne4 20. Neg3 Ndf6 21. Qe2 c5 22. bxc5 bxc5 23. Rab1 Nxg3 24. Nxg3 Rc7 25. dxc5 a5 26. Rb6 Bc6 27. Nf5 Nd7 28. Rb2 Qf6 29. Rbc2 Ne5 30. Nd4 Nxd3 31. Qxd3 Ba4 32. Rc3 Rac8 33. Qf5 Qd8 34. h3 Bc6 35. Qe5 Re7 36. Qg3 Qd7 37. Qd6 Ba4 38. Nf5 Re6 39. Qxd7 Bxd7 40. c6 Be8 41. Rc5 Kf8 42. Nd4 Rd6 43. Rxa5 g6 44. Rcc5 Bxc6 45. Ra6 1-0

[Event "Ramat Gan Masters-A Winter 2023"]
[Site "Ramat Gan/ISR"]
[Date "2023.02.13"]
[Round "3.1"]
[White "Gershkowich, David"]
[Black "Karp, Ilya"]
[Result "0-1"]
[Annotator "TA"]
[ECO "B63"]
[WhiteElo "2188"]
[BlackElo "2392"]
[PlyCount "120"]
[EventDate "2023.01.17"]
[EventType "swiss"]
[SourceTitle "playchess.com"]
[Source "ChessBase"]
[SourceQuality "1"]
[TimeControl "5400+30"]

1. e4 c5 2. Nf3 d6 3. d4 cxd4 4. Nxd4 Nf6 5. Nc3 Nc6 6. Bg5 e6 7. Qd2 Qb6 8. Nb3 a6 9. O-O-O Be7 10. f3 O-O 11. h4 Qc7 {[%emt 0:01:37] B63: Sicilian: Richter-Rauzer: 7...Be7 and unusual Black 7th moves.} 12. Bxf6 Bxf6 13. Qxd6 Qb6 {[%emt 0:00:05] Black is weak on the light squares. White is slightly better.} 14. Qc5 Qc7 {[%emt 0:00:10] [#]} 15. Qd6 $146 ({Predecessor:} 15. Kb1 b5 16. f4 Be7 17. Qe3 b4 18. Na4 e5 19. Qb6 Qxb6 20. Nxb6 Bg4 {0-1 Korneev,O (2643)-Greenfeld,A (2532) Nova Gorica op-A 19th 2014 (7)}) 15... Qb6 16. Qc5 Qxc5 (16... Qc7 $1 $11) 17. Nxc5 $14 Bd4 18. Nb3 Be3+ 19. Kb1 b5 20. a3 Ra7 21. h5 Rc7 22. Bd3 b4 23. axb4 Nxb4 24. Rhe1 Bf2 25. Re2 Bg3 26. e5 g6 27. Re4 (27. hxg6 $16 {Ne4 is the strong threat.} hxg6 28. Na5) 27... Nxd3 $11 28. Rxd3 {[%emt 0:00:30] Black should prevent f4.} Bb7 29. Ree3 gxh5 30. Na5 Ba8 31. b3 Rb8 32. Na4 {[%emt 0:00:00] Inhibits Rc5.} Bf4 33. Re2 Rb5 34. Rd8+ Kg7 35. Rxa8 Rxa5 36. c4 (36. Nb2 $1 $11) 36... Bxe5 $15 37. Rd2 h4 38. Ka2 Bf6 39. Ka3 Be7+ 40. Kb2 Bb4 41. Rdd8 {[%emt 0:00:00] [#]} ({Better is} 41. Re2) 41... Re5 $1 $17 42. Kc2 Re3 {[%emt 0:01:41] Wards off Nc3. Hoping for ...Kf6.} 43. Nb6 (43. Rg8+ $142 Kf6 44. Rad8) 43... a5 ({Don't blunder} 43... Re2+ $2 44. Kd1 Rb2 45. Rg8+ Kh6 46. Rad8 $19) 44. Rg8+ Kf6 45. Rad8 {[%emt 0:00:46] [#]} h3 $1 46. gxh3 Rc3+ (46... Rxf3 $2 {too greedy.} 47. Rd3 Rxd3 48. Kxd3) 47. Kb2 Rxf3 48. h4 Be7 49. Rd4 (49. Rd7 $17 Rc6 50. Rb7) 49... Bc5 (49... Ke5 $19 50. Rd2 Ke4 51. Re2+ Kf4) 50. Nd7+ Ke7 51. Nxc5 Rxc5 {[%emt 0:00:01][%mdl 4096] Endgame KRR-KRR} 52. Rgd8 Rc7 {[%emt 0:00:47] Threatens to win with ...Rb7.} 53. Ra8 {[%emt 0:00:10] Now White is beyond hope.} (53. Rb8 $17) 53... Rb7 $19 54. Rxa5 Rfxb3+ (54... Rbxb3+ $2 {is the wrong capture.} 55. Kc1) 55. Kc2 Rb2+ 56. Kd3 $2 (56. Kc1) 56... R7b3+ 57. Ke4 f5+ 58. Kf4 Kf6 59. Rd3 Rxd3 60. Rxf5+ exf5 {[%emt 0:00:05] Weighted Error Value: White=0.48/Black=0.15 (very precise)} 0-1

[Event "Ramat Gan Masters-A Winter 2023"]
[Site "Ramat Gan/ISR"]
[Date "2023.02.13"]
[Round "3.2"]
[White "Duchan, Yoav"]
[Black "Gavriely, Or"]
[Result "0-1"]
[Annotator "TA"]
[ECO "B11"]
[WhiteElo "1945"]
[BlackElo "1991"]
[PlyCount "144"]
[EventDate "2023.01.17"]
[EventType "swiss"]
[SourceTitle "playchess.com"]
[Source "ChessBase"]
[SourceQuality "1"]
[TimeControl "5400+30"]

1. e4 c6 2. Nc3 d5 3. Nf3 dxe4 4. Nxe4 Nf6 5. Qe2 Nxe4 6. Qxe4 Qd5 {[%emt 0:00:19] Dodges Bc4. B11: Caro-Kann: Two Knights Variation.} 7. Qf4 Qf5 8. Qe3 Qe6 {[%emt 0:00:01] The position is equal.} 9. d4 Qxe3+ 10. Bxe3 Bf5 {[%emt 0:00:07] Black is weak on the dark squares} 11. O-O-O e6 12. Nh4 {[%emt 0:02:12] [#]} Bg6 $146 ({Predecessor:} 12... Be4 13. f3 Bg6 14. c4 Bd6 15. d5 cxd5 16. cxd5 e5 17. Nxg6 hxg6 18. h4 Nd7 {½-½ Shyam,S (2509)-Bernadskiy,V (2547) Montebelluna Cup 2nd 2018 (7)}) 13. Nxg6 hxg6 14. Be2 Bd6 15. Rd3 Kd7 16. c4 a5 17. d5 exd5 18. cxd5 c5 19. Rc3 b6 20. h4 Na6 21. Bb5+ Kc7 22. a3 {[%emt 0:06:54] Repels Nb4} Nb4 23. Kb1 {[%emt 0:10:57] Dodges Na2} (23. axb4 $2 {is the wrong capture.} axb4 24. Kd2 bxc3+ 25. bxc3 Be5 $19) (23. Bc4 $5) 23... Nxd5 24. Rd3 Nxe3 25. fxe3 Rad8 26. g4 f6 27. Kc2 Rhf8 28. Rhd1 Rf7 29. b3 Re7 30. h5 (30. a4 $15) 30... Re5 31. hxg6 Rg5 $1 32. Rd5 ({White should play} 32. Rg1 $15) 32... Rxg6 (32... Rxg4 $17 33. Bd3 Rg3) 33. Be2 $15 Rh6 34. Rh5 Rhh8 35. a4 Rhe8 36. Rd3 Re6 (36... c4 $5 37. bxc4 Re4 $15) 37. Bf3 Rde8 38. Rhd5 Rd8 (38... g5 $17) 39. Kd2 (39. Rh5 $1 $11) 39... g6 $36 {[%emt 0:00:31][%mdl 2048] Black is really pushing.} 40. e4 Ree8 41. Kc3 Be5+ 42. Kc4 Bd4 43. Rxd8 Rxd8 $15 {[%emt 0:00:02][%mdl 4096] Endgame KRB-KRB} 44. Rd1 Kd6 45. Rh1 Ke5 46. Kd3 {[%emt 0:00:01] Repels Be3+} (46. Kb5 $17) 46... Kf4 $19 47. Rf1 Rh8 {[%emt 0:00:32] And now ...Rh3 would win.} 48. Be2+ Ke5 {[%emt 0:00:23] Black is more active.} 49. g5 $2 (49. Rf3 $17 {was necessary.}) 49... Rh3+ 50. Kd2 Be3+ ({Weaker is} 50... Kxe4 51. gxf6 Rxb3 52. f7 $11) 51. Kc2 Bxg5 52. Rd1 Rh2 (52... Kxe4 53. Bd3+ Rxd3 54. Rxd3 $19) 53. Kd3 Rh3+ $2 (53... Bf4 $19 {Threatens to win with ...g5.} 54. Bg4 Rg2) 54. Kc4 $2 (54. Kc2 $1 $11 {and White has nothing to worry.} Be3 55. Rf1) 54... Kxe4 55. Bd3+ $2 {[%emt 0:00:00] [#]} (55. Re1) 55... Ke5 $2 (55... Rxd3 $1 $19 {has better winning chances.} 56. Rxd3 Bf4) 56. Bxg6 $17 Rh4+ 57. Kc3 f5 58. Bf7 Rd4 (58... Be3 $142 59. Rd8 Kf6) 59. Rxd4 cxd4+ {[%emt 0:00:01] KB-KB} 60. Kd3 Be3 {[%emt 0:00:26] Hoping for ...Kf4.} 61. Bh5 $2 {[%emt 0:00:27][%mdl 8192] [#]} (61. Ke2 $17) 61... Kf4 $1 $19 62. Ke2 Kg3 {[%emt 0:00:01] ( -> ...f4)} 63. Bg6 f4 {[%emt 0:00:10][%cal Bf5f4,Bf4f3,Bf3f2][%mdl 32] Black mates.} 64. Be4 Bf2 65. Kf1 f3 66. Bh7 Be3 67. Bg6 Bg5 68. Ke1 f2+ 69. Kf1 Kf3 70. Bf5 Ke3 71. Bg4 Bh4 72. Bd7 Kd2 {[%emt 0:00:19] Weighted Error Value: White=0.37/Black=0.28 (precise)} 0-1

[Event "Ramat Gan Masters-A Winter 2023"]
[Site "Ramat Gan/ISR"]
[Date "2023.02.13"]
[Round "3.3"]
[White "Aroeta, Benny"]
[Black "Meirovich, Ilay"]
[Result "1-0"]
[Annotator "TA"]
[ECO "B22"]
[WhiteElo "1978"]
[BlackElo "1979"]
[PlyCount "103"]
[EventDate "2023.01.17"]
[EventType "swiss"]
[SourceTitle "playchess.com"]
[Source "ChessBase"]
[SourceQuality "1"]
[TimeControl "5400+30"]

1. e4 c5 2. Nf3 Nc6 3. c3 d5 4. exd5 Qxd5 5. d4 g6 (5... Nf6 {simplifies} 6. Be2 e6 7. O-O cxd4 8. cxd4 Be7) 6. Na3 {[%emt 0:01:47] B22: Sicilian: 2 c3.} cxd4 ({Black should try} 6... Bg4 $1 $14) 7. Nb5 $1 $16 {[%emt 0:01:55] Black must now prevent Nc7+.} Kd8 {[%emt 0:15:41] [#] Wards off Nc7} 8. Be3 $146 ({Don't play} 8. Nbxd4 $6 Nxd4 9. Nxd4 (9. Qxd4 Qxd4 10. Nxd4 e5 $14) 9... Bd7 $16) (8. Nfxd4 $18 {Hoping for Be3.} Bd7 9. Be3) ({Predecessor:} 8. Nbxd4 Nxd4 9. cxd4 Bg7 10. Be2 Nf6 11. O-O Bd7 12. Ne5 Ne4 13. Bc4 {1-0 Tregubov,P (2423)-Padmini,R (2196) Lindores Abbey Blitz Tal Memorial 2021 (14.45)}) 8... Nf6 9. Nbxd4 ({But not} 9. Bxd4 $6 Nxd4 10. Nbxd4 (10. Qxd4 Qxd4 11. Nbxd4 e6 $14) 10... Bd7 $14) 9... Bd7 10. Nxc6+ Bxc6 11. Ne5 Ke8 12. Nxc6 Qxc6 {[%emt 0:02:02] [#]} 13. Qb3 (13. Be2 $1 $18 ) 13... a6 14. Bc4 $36 {[%emt 0:01:42][%cal Bf1c4,Bc4e2,Be2f3][%mdl 2080] White has strong initiative.} e6 15. O-O b5 (15... Ne4 $16) 16. Be2 $18 Nd5 17. Bd4 Rg8 {[%emt 0:01:36] [#]} 18. a4 $1 Rb8 (18... Nf4 $2 19. Bf3 (19. axb5 $2 Qxg2#) 19... Qc4 20. Qxc4 bxc4 21. Bxa8 $18) 19. axb5 axb5 20. c4 Nf4 21. Bf3 Qd6 (21... Qxc4 $142 22. Qxc4 bxc4) 22. Ba7 {[%emt 0:01:04] A strong pair of Bishops.} Rc8 23. Rfd1 Qb4 24. Qxb4 Bxb4 25. g3 Nh3+ 26. Kg2 {[%emt 0:00:24] Black is weak on the light squares} Ng5 27. cxb5 Nxf3 28. Kxf3 Ke7 29. b6 Rc2 $2 (29... Rc5 30. b7 Rb5) 30. b7 Bd6 {[%emt 0:00:06] [#]} 31. Rxd6 $1 {[%emt 0:00:26][%mdl 576] Promotion} Kxd6 32. b8=Q+ Rxb8 33. Bxb8+ {[%emt 0:00:05][%mdl 4096] Endgame KRB-KR} Kd5 34. Ra5+ Kc4 35. Be5 f5 36. Ra7 {[%emt 0:00:35] Rc7+ would be deadly.} Kd5 37. Bc3 g5 38. Rxh7 e5 39. Re7 e4+ 40. Ke3 f4+ 41. gxf4 gxf4+ 42. Kxf4 Rxf2+ 43. Kg3 Rf3+ 44. Kg2 Rf4 45. Kg3 Rf3+ 46. Kg4 {[%emt 0:00:06] White mates.} Rf2 47. Re5+ Kc6 48. h4 Rg2+ 49. Kf4 Rh2 50. h5 Rh3 51. Kxe4 Kd6 52. Rf5 {[%emt 0:00:48] Weighted Error Value: White=0.13 (very precise) /Black=0.46} (52. Kf4 $142 Kc6 53. Kg5 Rh2 54. h6 Rg2+ 55. Kh5 Rh2+ 56. Kg6 Kc7 57. h7) 1-0